 Dungeon Crawl Stone Soup version 0.30-a0-953-g5f1da4a474 (webtiles) character file.

Game seed: 4287858909568499227

85 lunkers the Cudgeller (level 5, -3/42 (45) HPs)
             Began as a Meteoran Fighter on Mar 28, 2023.
             Slain by a wight
             ... wielding a +3 battleaxe
              (10 damage)
             ... on level 3 of the Dungeon.
             The game lasted 00:02:09 (885 turns).

lunkers the Cudgeller (Meteoran Fighter)             Turns: 885, Time: 00:02:09

HP:   -3/42 (45)    AC: 12    Str: 19    XL:     5   Next: 5%
MP:   6/6           EV:  5    Int: 16    God:
Gold: 128           SH:  5    Dex: 13    Spells: 4/4 levels left

rFire   . . .      SeeInvis .    a - +0 flail (venom)
rCold   + . .      Faith    .    c - +0 buckler
rNeg    . . .      Spirit   .    g - +1 plate armour
rPois   .          Reflect  .    (no helmet)
rElec   .          Rampage  .    (no cloak)
rCorr   .                        (no gloves)
Will    .....                    (no boots) Stlth
                                 (no amulet)
HPRegen 0.27/turn                p - +6 ring of intelligence
MPRegen 0.10/turn                m - ring of protection from cold

@: glowing, drained
A: sense surroundings 1, otherworldly, glowing, explore regen
a: no special abilities


You were on level 3 of the Dungeon.
You visited 1 branch of the dungeon, and saw 4 of its levels.

You collected 128 gold pieces.

Inventory:

Hand Weapons
 a - a +0 flail of venom (weapon)
Armour
 b - a +0 scale mail
 c - a +0 buckler (worn)
 g - a +1 plate armour (worn)
Jewellery
 m - a ring of protection from cold (right hand)
 p - a +6 ring of intelligence (left hand)
Scrolls
 e - a scroll of fear {unknown}
Potions
 d - 2 potions of might
 h - 4 potions of curing
 j - a potion of heal wounds
 o - a potion of magic {unknown}


   Skills:
 - Level 3.2 Fighting
 + Level 6.1 Maces & Flails
 - Level 3.6 Armour
 - Level 3.6 Shields


You had 4 spell levels left.
You didn't know any spells.
Your spell library contained the following spells:

 Spells                   Type           Power      Damage    Failure   Level
 Necrotise                Necr           0%         1d4       100%        1
 Vampiric Draining        Necr           0%         2d6       100%        3
 Agony                    Necr           0%         N/A       100%        5


Dungeon Overview and Level Annotations

Branches:
Dungeon (4/15) Zot: 1496
 Temple: D:4-7

Altars:


Innate Abilities, Weirdness & Mutations

You passively map a small area around you.
You are easily found by Zot.
You glow in the dark.
You regain HP and MP as you explore.


Message History

You destroy the sleepcap!
Your Maces & Flails skill increases to level 6!
You have reached level 5!
As you read the scroll labelled GUAWKEIHYI, it crumbles to dust.
You feel strangely unstable.
It was a scroll of teleportation.
Unknown command.
As you read the scroll labelled HIOQOR ARHU, it crumbles to dust.
It is a scroll of brand weapon.
Your +0 flail drips with poison.
a - a +0 flail of venom (weapon)
Unknown command.
As you read the scroll labelled FYR KOULLA, it crumbles to dust.
You hear a loud clanging noise!
It was a scroll of noise.
You hear a shout!
You hear an angry hiss.
You hear a shout! x2
An endoplasm comes into view.
As you read the scroll labelled TURUFRUITS, it crumbles to dust.
It is a scroll of enchant armour.
Your +0 plate armour glows green for a moment.
Your surroundings suddenly seem different. 4 wights come into view.
A wight is wielding a +4 falchion of freezing.
A wight is wielding a +1 morningstar of freezing.
You are too injured to fight recklessly!
You are too injured to fight recklessly!
An iguana comes into view.
The iguana hisses angrily.
You see here a scroll labelled OLURHU PEHOCOU.
e - a scroll labelled OLURHU PEHOCOU The wight attacks as you move away!
The wight hits you with a +3 battleaxe.
* * * LOW HITPOINT WARNING * * *
You feel drained.
There is a stone staircase leading up here.
The wight hits you with a +3 battleaxe!
* * * LOW HITPOINT WARNING * * *
You feel drained.
* * * LOW HITPOINT WARNING * * *
You climb upwards.
There is a stone staircase leading down here.
You hit the wight but do no damage. The wight hits you with a +3 battleaxe!
You die...

#.#.# #.#####.##.##
#####.#.###.##.......##
......................!
#.##.#..##.####.######
* #..##.# #.# # ,
,#..##.# #.# # ,
*#..##.# #.# #
#?####z....####.######
#....@..##............
*
###############.######
* , #..........# ,
#.####.###.# ** * #.#
#.# , #.###.# * *
#...).# , * #####.## *
#...


You could see a wight.

Vanquished Creatures
  A sleepcap (D:4)
  2 adders (D:3)
  2 dart slugs
  8 endoplasms
  3 giant cockroaches
  3 goblins
  4 jackals (D:3)
  7 kobolds
  A ball python (D:3)
  A bat (D:1)
  2 frilled lizards (D:2)
34 creatures vanquished.

Notes
Turn   | Place    | Note
-------+----------+-------------------------------------------
     0 | D:1      | lunkers the Meteoran Fighter began the quest for the Orb.
     0 | D:1      | Reached XP level 1. HP: 19/19 MP: 2/2
    25 | D:1      | Reached skill level 3 in Maces & Flails
    51 | D:1      | Reached XP level 2. HP: 24/26 MP: 3/3
   149 | D:1      | Reached skill level 4 in Maces & Flails
   370 | D:2      | Reached XP level 3. HP: 31/31 MP: 4/4
   663 | D:3      | Reached skill level 5 in Maces & Flails
   735 | D:3      | Reached XP level 4. HP: 37/38 MP: 5/5
   870 | D:4      | Reached skill level 6 in Maces & Flails
   870 | D:4      | Reached XP level 5. HP: 16/45 MP: 6/6
   885 | D:3      | Slain by a wight

Illustrated notes

Levels and vault maps discovered:
D:1:      noname_arrival_rooms_in_the_neighbourhood, layout_basic,
          ebering_ecumenical_altar_webs, serial_shops, shop
D:2:      layout_basic, minmay_misc_feat_more_columns, skrybe_limestone_x,
          grunt_decor_mini_mirrors, kennysheep_generic_room_7
D:3:      layout_loops_ring
D:4:      layout_cave_pools, grunt_temple_overflow_holy_war,
          mainiacjoe_overflow_small_starburst, mainiacjoe_overflow_alcove_2,
          minmay_temple_entry_enclosed_plants, minmay_stone_trees_medium,
          uniq_sigmund

Skill      XL: |  1  2  3  4 |
---------------+-------------+-----
Maces & Flails | 3 4 5 6 |  6.1
Fighting       | |  3.2
Armour         | |  3.6
Shields        | |  3.6

Action                     |  1- 3 |  4- 6 || total
---------------------------+-------+-------++-------
  Melee: Flail             |    63 |    25 ||    88
    Use: Scroll            |       |     7 ||     7
 Armour: Scale mail        |    10 |       ||    10
         Plate armour      |    18 |    12 ||    30
  Dodge: Dodged            |    12 |     2 ||    14
  Block: Buckler           |    15 |     5 ||    20

Table legend: (Time is in decaauts)
 A = Elapsed time spent in this place.
 B = Non-inter-level travel time spent in this place.
 C = Inter-level travel time spent in this place.
 D = Time resting spent in this place.
 E = Time spent auto-exploring this place.
 F = Levels seen in this place.
 G = Mean time per level.
                   A        B        C        D        E       F      G
               +--------+--------+--------+--------+--------+-----+--------+
         Total |    902 |    893 |      9 |      0 |    636 |   4 |  225.5 |
       Dungeon |    902 |    893 |      9 |      0 |    636 |   4 |  225.5 |
               +--------+--------+--------+--------+--------+-----+--------+

Top non-repeatable levels by time:
     D:3: 376 daAuts
     D:2: 287 daAuts
     D:1: 214 daAuts
     D:4: 24 daAuts
